 Dungeon Crawl Stone Soup version 0.23-a0-143-g1adec7bb76 (webtiles) character file.

1256221 Flugkiller the Imperceptible (level 22, 117/117 HPs)
             Began as a Spriggan Enchanter on Sept 5, 2018.
             Was an Initiate of Gozag.
             Escaped with the Orb
             ... and 3 runes!
             The game lasted 04:03:36 (101025 turns).

Flugkiller the Imperceptible (Spriggan Enchanter) Turns: 101025, Time: 04:03:37

Health: 117/117    AC: 11    Str:  5    XL:     22   Next: 68%
Magic:  47/47      EV: 36    Int: 22    God:    Gozag
Gold:   2844       SH:  9    Dex: 19    Spells: 9/61 levels left

rFire    + + .     SeeInvis +   V - +9 quick blade
rCold    + . .     Gourm    .   W - +1 buckler {AC+3}
rNeg     . . .     Faith    .   X - +1 robe of Hezi {*Corrode +Blink MR- Slay+6}
rPois    +         Spirit   .   q - +3 hat "Earthly Heaven" {rF++ rCorr}
rElec    +         Reflect  .   E - +1 cloak {rPois}
rCorr    +         Harm     .   (gloves unavailable)
MR       +++++     Clarity  +   (boots unavailable)
Stlth    +++.......             l - necklace of Bloodlust {*Rage +Rage MR++ Int-3 Slay+6 *Curse} (curse)
HPRegen  0.29/turn              m - ring of Xom's Best Wishes {rElec rPois MR++ Int+4 Dex-2}
MPRegen  0.30/turn              D - ring of Wareat {rC+ MR+}

@: very slightly contaminated, deflect missiles, very quick
A: very small, unfitting armour, see invisible, clarity, herbivore, speed 3,
slow metabolism 2
0: Orb of Zot
}: 3/15 runes: decaying, abyssal, gossamer
a: Potion Petition, Call Merchant, Bribe Branch, Renounce Religion, Evoke Blink,
Evoke Berserk Rage


You escaped.
You worshipped Gozag.
Gozag was most pleased with you.
You were hungry.

You visited 9 branches of the dungeon, and saw 46 of its levels.
You visited the Abyss 1 time.
You also visited: Labyrinth and Trove.

You collected 21850 gold pieces.
You spent 8154 gold pieces at shops.
You paid 10852 gold pieces to Gozag.

Inventory:

Hand Weapons
 R - a +3 antimagic rapier
 V - a +9 quick blade (weapon)
Armour
 h - the +2 robe of Theory {rC++ Regen+ Int-5 Dex+4}
   (You acquired it on level 4 of the Depths)

   It affects your intelligence (-5).
   It affects your dexterity (+4).
   It greatly protects you from cold.
   It increases your rate of regeneration.
 q - the +3 hat "Earthly Heaven" (worn) {rF++ rCorr}
   (You acquired it on level 2 of the Vaults)

   It greatly protects you from fire.
   It provides partial protection from all sources of acid and corrosion.
 E - a +1 cloak of poison resistance (worn)
 F - a +2 robe of fire resistance
 W - a +1 buckler of protection (worn)
 X - the +1 robe of Hezi (worn) {*Corrode +Blink MR- Slay+6}
   (You acquired it on level 4 of the Depths)

   It affects your accuracy and damage with ranged weapons and melee attacks
   (+6).
   It affects your resistance to hostile enchantments.
   It lets you blink.
   It may corrode you when you take damage.
Jewellery
 l - the cursed necklace of Bloodlust (around neck) {*Rage +Rage MR++ Int-3 Slay+6 *Curse}
   (You bought it in a shop on level 5 of the Depths)

   [amulet of rage]

   It affects your intelligence (-3).
   It affects your accuracy and damage with ranged weapons and melee attacks
   (+6).
   It affects your resistance to hostile enchantments.
   It lets you go berserk.
   It may make you go berserk in combat.
   It curses itself when equipped.
   It has a curse placed upon it.
 m - the ring of Xom's Best Wishes (left hand) {rElec rPois MR++ Int+4 Dex-2}
   (You bought it in a shop on level 14 of the Dungeon)

   [ring of poison resistance]

   It affects your intelligence (+4).
   It affects your dexterity (-2).
   It insulates you from electricity.
   It protects you from poison.
   It affects your resistance to hostile enchantments.
 D - the ring of Wareat (right hand) {rC+ MR+}
   (You bought it in a shop on level 14 of the Dungeon)

   [ring of protection from magic]

   It protects you from cold.
   It affects your resistance to hostile enchantments.
 M - a +6 ring of evasion
Wands
 k - a wand of enslavement (7)
 o - a wand of acid (35)
 y - a wand of scattershot (7)
 H - a wand of clouds (17)
 I - a wand of digging (36)
 N - a wand of iceblast (8)
 O - a wand of paralysis (43)
 Q - a wand of disintegration (9)
 Z - a wand of flame (43)
Scrolls
 a - 3 scrolls of immolation
 f - 8 scrolls of magic mapping
 i - 4 scrolls of fear
 j - 16 scrolls of teleportation
 p - 4 scrolls of fog
 r - 25 scrolls of remove curse
 s - 4 scrolls of enchant armour
 x - 2 scrolls of summoning
 B - 8 scrolls of amnesia
 K - 13 scrolls of identify
 U - 4 scrolls of holy word
Potions
 b - 3 potions of ambrosia
 c - 7 potions of flight
 e - a potion of magic
 g - 12 potions of brilliance
 n - 8 potions of curing
 t - 2 potions of cancellation
 u - 6 potions of berserk rage
 v - 2 potions of heal wounds
 w - a potion of invisibility
 z - 12 potions of haste
 C - 6 potions of mutation
 G - 5 potions of lignification
 J - 7 potions of agility
 P - 5 potions of might
Miscellaneous
 A - 3 phantom mirrors
 L - a lamp of fire
 Y - a lightning rod (4/4)
Comestibles
 d - 37 rations


   Skills:
 + Level 12.9 Fighting
 - Level 10.1 Short Blades
 + Level 19.8 Dodging
 - Level 22.0 Stealth
 - Level 7.2 Shields
 - Level 20.0 Spellcasting
 - Level 13.1 Hexes
 - Level 12.3 Charms
 - Level 10.0 Summonings
 - Level 21.0 Translocations
 - Level 7.3 Air Magic
 - Level 7.1 Evocations


You had 9 spell levels left.
You knew the following spells:

 Your Spells              Type           Power        Failure   Level  Hunger
a - Corona                Hex            ######.      0%          1    None
b - Ensorcelled Hibernat  Hex/Ice        ######       1%          2    None
c - Confuse               Hex            ######..     1%          3    None
d - Dazzling Spray        Conj/Hex       ######       1%          3    None
e - Malign Gateway        Summ/Tloc      ######....   3%          7    #####..
f - Invisibility          Hex            ######..     1%          6    ###....
g - Controlled Blink      Tloc           N/A          2%          8    ######.
h - Disjunction           Tloc           #######...   2%          8    ######.
i - Summon Mana Viper     Hex/Summ       ######..     1%          5    None
j - Deflect Missiles      Chrm/Air       ######....   6%          6    ###....
k - Regeneration          Chrm/Necr      #####.....   1%          3    None

Your spell library contained the following spells:

 Spells                   Type           Power        Failure   Level  Hunger
 Confusing Touch          Hex            ######       0%          1    None
 Blink                    Tloc           N/A          0%          2    None
 Slow                     Hex            ######..     0%          2    None
 Gell's Gravitas          Tloc           #######...   0%          3    None
 Portal Projectile        Hex/Tloc       ######       0%          3    None
 Recall                   Summ/Tloc      N/A          0%          3    None
 Shock                    Conj/Air       ####         1%          1    None
 Call Imp                 Summ           ######..     1%          2    None
 Song of Slaying          Chrm           ######..     1%          2    None
 Inner Flame              Hex/Fire       ######..     1%          3    None
 Ozocubu's Armour         Chrm/Ice       #####...     1%          3    None
 Summon Guardian Golem    Hex/Summ       ######..     1%          3    None
 Tukima's Dance           Hex            ######..     1%          3    None
 Cause Fear               Hex            ######....   1%          4    None
 Force Lance              Conj/Tloc      ######..     1%          4    None
 Fulminant Prism          Conj/Hex       ######....   1%          4    None
 Leda's Liquefaction      Hex/Erth       ######....   1%          4    None
 Aura of Abjuration       Summ           ######....   1%          5    None
 Silence                  Hex/Air        ######....   1%          5    None
 Summon Demon             Summ           ######....   1%          5    None
 Summon Forest            Summ/Tloc      ######....   1%          5    None
 Darkness                 Hex            ######....   1%          6    ###....
 Animate Skeleton         Necr           N/A          2%          1    None
 Beastly Appendage        Tmut           ###...       2%          1    None
 Flame Tongue             Conj/Fire      ###..        2%          1    None
 Freeze                   Ice            ###.         2%          1    None
 Magic Dart               Conj           ###.         2%          1    None
 Pain                     Necr           ###.         2%          1    None
 Mephitic Cloud           Conj/Pois/Air  ####....     2%          3    None
 Summon Ice Beast         Ice/Summ       #####...     2%          4    None
 Searing Ray              Conj           ###...       3%          2    None
 Sticks to Snakes         Tmut           ###.....     3%          2    None
 Throw Flame              Conj/Fire      ###...       3%          2    None
 Throw Frost              Conj/Ice       ###...       3%          2    None
 Metabolic Englaciation   Hex/Ice        ######....   4%          5    None
 Yara's Violent Unravell  Hex/Tmut       ######....   4%          5    None
 Shadow Creatures         Summ           N/A          5%          6    ###....
 Conjure Flame            Conj/Fire      ###.....     6%          3    None
 Ignite Poison            Fire/Tmut/Pois ###.....     6%          3    None
 Spider Form              Tmut/Pois      ###.......   6%          3    None
 Vampiric Draining        Necr           ###.......   6%          3    None
 Lightning Bolt           Conj/Air       #####.....   13%         5    None
 Animate Dead             Necr           N/A          22%         4    None
 Ice Form                 Ice/Tmut       ###.....     22%         4    None
 Iskenderun's Mystic Bla  Conj           ###.....     22%         4    None
 Petrify                  Tmut/Erth      ###.....     22%         4    None
 Sticky Flame             Conj/Fire      ###.....     22%         4    None
 Throw Icicle             Conj/Ice       ###.....     22%         4    None
 Monstrous Menagerie      Summ           ######....   30%         7    #####..
 Summon Greater Demon     Summ           ######....   30%         7    #####..
 Blade Hands              Tmut           ###.......   52%         5    None
 Fireball                 Conj/Fire      ###.......   52%         5    None
 Discord                  Hex            ######....   54%         8    ######.
 Ring of Flames           Chrm/Fire      #####.....   83%         7    #####..
 Spellforged Servitor     Conj/Summ      #####.....   93%         7    #####..
 Summon Horrible Things   Summ           ######....   93%         8    ######.
 Bolt of Fire             Conj/Fire      ###.......   97%         6    ###....
 Ignition                 Fire           ###.......   100%        8    ######.
 Passage of Golubria      Tloc           Unusable     N/A         4    N/A

Dungeon Overview and Level Annotations

Branches:
Dungeon (15/15)            Temple (0/1) D:5            Lair (6/6) D:11
  Swamp (4/4) Lair:4       Spider (4/4) Lair:3        Slime (0/5) Lair:5
    Orc (2/2) D:11            Elf (1/3) Orc:2        Vaults (4/5) D:14
  Crypt (0/3) Vaults:2     Depths (5/5) D:15            Zot (5/5) Depths:5

Altars:
Cheibriados
Dithmenos
Elyvilon
Gozag
Hepliaklqana
Kikubaaqudgha
Nemelex Xobeh
Qazlal
Ru
Sif Muna
Trog
Uskayaw
Vehumet
Xom
Yredelemnul
The Shining One

Shops:
D:4 =   D:6 }(   D:7 [   D:8 :   D:14 =   D:15 =   Orc:2 [}*(   Lair:1 :
Vaults:2 !   Depths:1 *[*   Depths:4 *   Depths:5 ==}[

Portals:
Hell: Depths:1 Depths:2 Depths:3 Depths:4 Depths:5
Abyss: Depths:4 Depths:5
Pandemonium: Depths:3
Ziggurat: Depths:5

Annotations:
Lair:4 exclusion: oklob plant
Vaults:2 2 runed doors, Bank's ghost, adept DDFi


Innate Abilities, Weirdness & Mutations

You are very small and have problems with some larger weapons.
You are too small for most types of armour.
You have supernaturally acute eyesight. (SInv)
You are a herbivore.
You cover ground extremely quickly.
You need to consume almost no food.
You possess an exceptional clarity of mind.


Message History

There is a stone staircase leading up here.
You climb upwards.
There is a stone staircase leading down here.
There is a stone staircase leading up here.
You climb upwards.
There is a stone staircase leading down here.
There is a stone staircase leading up here.
You climb upwards.
There is a stone staircase leading down here.
There is an open door here.
There is an open door here.
You see here a dagger.
There is a stone staircase leading up here.
You climb upwards.
There is a stone staircase leading down here.
There is an open gate here.
You see here 16 stones.
There is a staircase leading out of the dungeon here.
Enter note: gg You have escaped!

#####################
≈≈≈≈≈≈≈≈≈≈≈≈≈≈≈≈≈≈≈≈≈
♣≈≈≈≈≈≈≈≈≈≈≈≈≈≈≈≈≈≈
♣≈≈≈≈≈≈≈≈≈≈≈≈≈≈≈≈≈≈
♣♣♣♣..≈≈..≈≈≈≈≈≈≈≈≈
♣...........≈≈≈≈≈≈ #########
♣............≈≈≈≈≈ #.......#
♣P.(..........≈≈≈≈ #.#####.#
♣@♣.....♣.P....≈≈≈ #.# #.#
♣♣♣♣..........≈≈≈≈ #.# #.#
♣.P.P♣......≈≈≈
###.#####.##############♣.....≈≈≈
.)..............>...#..#P....≈≈≈≈
###.###########.###.#..#.......≈≈
#............)....#..#P.....≈≈≈
#..........##.##..#..#♣....≈≈≈≈
#..........##.##..#..#♣....≈≈≈≈


There were no monsters in sight!

Vanquished Creatures
  Mennas (Depths:5)
  Xtahua (Depths:4)
  Margery (Depths:5)
  2 Orb Guardians (Zot:5)
  Jorgrun (Spider:2)
  A lich (Depths:2)
  Asterion (Depths:3)
  A death cob (Zot:2)
  2 draconian monks
  3 fire giants
  A sphinx (Depths:4)
  A thorn hunter (Swamp:2)
  2 tengu reavers
  2 draconian knights
  7 vault wardens
  2 emperor scorpions (Spider:4)
  2 ghost moths
  3 frost giants
  A deep elf sorcerer (Vaults:4)
  5 draconian annihilators
  2 ghouls
  2 draconian shifters
  4 ironheart preservers
  A spriggan defender (Depths:3)
  18 very ugly things
  6 entropy weavers
  19 stone giants
  5 green draconians
  2 black draconians (Zot:4)
  A deep elf annihilator (Vaults:4)
  2 vampire knights (Depths:2)
  2 deep elf demonologists (Vaults:4)
  2 red draconians
  6 dire elephants (Lair:6)
  Snorg (D:11)
  A minotaur (Lab)
  3 yellow draconians
  11 ettins
  7 spark wasps
  A green death (Abyss:1)
  9 fire dragons
  Josephine (Lair:5)
  8 yaktaur captains
  6 great orbs of eyes
  Harold (D:8)
  4 rakshasas
  An ice dragon (shapeshifter) (Depths:1)
  8 ice dragons
  2 catoblepae (Lair:5)
  8 vault guards (D:14)
  13 ogre magi
  14 hydras
  A ghost crab (Swamp:4)
  An anaconda (Lair:6)
  7 centaur warriors
  55 two-headed ogres
  11 deep troll shamans
  A hell hog (Abyss:1)
  An anaconda (shapeshifter) (Depths:1)
  3 death knights
  18 alligators
  2 deep troll earth magi (Depths:4)
  10 death yaks
  5 tengu warriors
  A soul eater (Depths:3)
  3 spriggan berserkers
  A shock serpent (shapeshifter) (Vaults:4)
  4 thrashing horrors
  A storm dragon zombie (Vaults:4)
  Urug (D:10)
  A shadow wraith (Vaults:1)
  8 deep elf knights
  3 skeletal warriors
  6 iron trolls
  47 slime creatures
  13 hell knights
  3 sixfirhies
  2 flayed ghosts
  A spatial maelstrom (Abyss:3)
  A fire crab (shapeshifter) (Abyss:1)
  2 shadow demons
  A wretched star (Abyss:3)
  2 unseen horrors
  4 swamp dragons
  3 ironbrand convokers
  2 shambling mangroves (Swamp:3)
  16 deep trolls
  2 spriggan druids
  2 glowing orange brains
  6 wizards
  2 deep elf archers (Vaults:3)
  27 deep elf magi
  4 orc knights
  A gelid demonspawn (Depths:3)
  3 phantasmal warriors
  A wolf spider (shapeshifter) (Vaults:3)
  20 wolf spiders
  7 necromancers
  12 orb spiders
  An orb spider (shapeshifter) (Depths:2)
  2 manticores
  31 ugly things
  2 moths of wrath
  2 worldbinders
  11 cyclopes
  8 elephants
  2 centaur zombies (D:11)
  An elephant (shapeshifter) (Vaults:1)
  Joseph (D:10)
  A black mamba (shapeshifter) (Vaults:3)
  4 gargoyles
  3 smoke demons
  3 black mambas
  7 vault sentinels
  A spiny frog (shapeshifter) (Depths:5)
  A torpor snail (Spider:2)
  An orange demon (Abyss:1)
  14 spiny frogs
  4 spectral swamp worms (Depths:4)
  7 komodo dragons
  A rime drake (Lair:4)
  3 centaur skeletons
  49 yaktaurs
  A rime drake (shapeshifter) (Abyss:1)
  An efreet (Abyss:1)
  3 tengu conjurers
  12 demonic crawlers
  6 freezing wraiths
  14 trolls
  6 ancient zymes
  A hellwing (Depths:3)
  A polar bear (Lair:3)
  14 tyrant leeches
  A meliai (Abyss:3)
  A troll (shapeshifter) (D:13)
  6 red devils (Depths:1)
  A queen bee (shapeshifter) (Vaults:3)
  32 jumping spiders
  20 hornets
  A hornet (shapeshifter) (Depths:3)
  A tengu simulacrum (Vaults:4)
  9 raiju
  9 bog bodies
  An ettin zombie (Vaults:4)
  6 hippogriffs
  A blink frog (shapeshifter) (Vaults:2)
  A frost giant simulacrum (Vaults:2)
  A dream sheep (shapeshifter) (Depths:2)
  20 blink frogs
  2 human simulacra
  A stone giant simulacrum (Vaults:4)
  79 redbacks
  A spriggan (shapeshifter) (Vaults:2)
  5 starcursed masses
  An ettin skeleton (Vaults:4)
  Sigmund (D:4)
  2 ynoxinuls
  3 shadows
  17 tarantellas
  3 water elementals
  5 spriggans
  7 wraiths
  2 wyverns
  3 basilisks
  A golden eye (Abyss:3)
  37 yaks
  18 large abominations
  8 vampire mosquitoes
  Grum (D:11)
  A hungry ghost (D:13)
  5 neqoxecs
  A warg (Orc:2)
  2 spatial vortices
  3 swamp worm simulacra (Swamp:4)
  A spiny frog zombie (Abyss:1)
  16 insubstantial wisps
  3 hell hounds (Depths:1)
  6 water moccasins
  20 swamp worms
  11 hydra simulacra (Swamp:4)
  2 soldier ants (D:8)
  A sky beast (shapeshifter) (Vaults:3)
  A floating eye (Depths:2)
  7 sky beasts
  11 porcupines
  7 ice beasts
  22 orc warriors
  4 swamp drakes
  A black bear (Lair:3)
  An eye of draining (shapeshifter) (Vaults:4)
  A phantom (D:12)
  47 ogres
  3 eyes of draining
  17 wolves
  9 boggarts
  12 centaurs
  11 crocodiles
  A big kobold (D:14)
  26 bullfrogs
  5 small abominations
  A wyvern skeleton (D:9)
  A wyvern zombie (D:12)
  6 scorpions
  3 killer bees (Abyss:3)
  An orc simulacrum (Vaults:1)
  21 wights
  4 electric eels
  6 howler monkeys
  A vampire bat (Lair:2)
  14 crimson imps
  2 quasits
  6 hounds
  3 iron imps
  3 jellies
  A bullfrog zombie (D:10)
  14 orc priests
  21 orc wizards
  2 bullfrog skeletons
  2 hell rats (D:11)
  An iguana (D:7)
  11 worker ants
  Terence (D:2)
  A hound zombie (D:7)
  A howler monkey zombie (D:11)
  A worker ant zombie (D:9)
  Robin (D:4)
  4 gnolls (D:6)
  13 adders
  A river rat (D:11)
  11 shadow imps
  6 white imps
  5 swamp drake simulacra (Swamp:4)
  2 ufetubi (Depths:3)
  An ooze (D:1)
  An adder skeleton (D:7)
  A dart slug (D:1)
  6 leopard geckos
  97 orcs
  3 giant cockroaches
  13 goblins
  7 hobgoblins
  3 jackals (D:2)
  10 quokkas
  2 ball pythons
  14 bats
  6 frilled lizards
  12 kobolds
  7 rats
  A lurking horror (Abyss:1)
  A plant (Lair:6)
1680 creatures vanquished.

Vanquished Creatures (collateral kills)
  An ancient lich (Zot:5)
  A juggernaut (Depths:5)
  Frederick (Depths:3)
  Sojobo (Vaults:4)
  A curse toe (Zot:5)
  An iron giant (Depths:1)
  An electric golem (Zot:5)
  2 liches (Depths:1)
  A quicksilver dragon (Zot:5)
  12 Orb Guardians (Zot:5)
  A death cob (Zot:5)
  A tentacled starspawn (Abyss:1)
  A tengu reaver (Vaults:4)
  A storm dragon (Zot:5)
  3 thorn hunters
  An iron dragon (Depths:5)
  A balrug (Depths:1)
  A draconian shifter (Zot:5)
  A ghost moth (Zot:5)
  A draconian stormcaller (Depths:5)
  A very ugly thing (Depths:1)
  A war gargoyle (Vaults:1)
  4 stone giants
  A green draconian (Depths:5)
  2 vampire knights (Depths:1)
  2 purple draconians
  4 spark wasps (Depths:1)
  6 ettins
  2 white draconians (Depths:5)
  A great orb of eyes (Depths:3)
  A spriggan air mage (Depths:3)
  2 rakshasas
  2 ice dragons
  2 ogre magi
  A dancing weapon (Orc:1)
  3 deep troll shamans
  A two-headed ogre (Depths:1)
  2 deep troll earth magi
  3 tengu warriors (Depths:1)
  2 hell knights (Depths:1)
  2 soul eaters
  5 wretched stars
  7 deep trolls
  2 glowing orange brains
  An iron troll (Depths:2)
  13 starcursed masses
  A wizard (Depths:1)
  A wolf spider zombie (Abyss:3)
  2 deep elf archers (Elf:1)
  3 necromancers (Depths:1)
  2 deep elf magi (Elf:1)
  A wolf spider (Spider:3)
  2 moths of wrath (Zot:5)
  A spectral swamp worm (Depths:4)
  A hellwing (Depths:1)
  A red devil (Depths:1)
  3 ancient zymes
  A raiju (Abyss:1)
  A slime creature (Depths:1)
  2 small abominations (Abyss:3)
  A large abomination (Abyss:3)
  A tarantella (Spider:3)
  A water elemental (Depths:1)
  3 ogres (Depths:1)
  A killer bee (Abyss:3)
  An orc priest (D:8)
  An ufetubus (Abyss:1)
  An orc (D:8)
139 creatures vanquished.

Vanquished Creatures (others)
  A golden dragon (Depths:5)
  An Orb Guardian (Zot:5)
  35 eldritch tentacles
  An azure jelly (Swamp:4)
  A starcursed mass (Abyss:3)
  A yellow draconian (Zot:2)
  A white draconian (Zot:5)
  3 dancing weapons (Elf:1)
  A tengu warrior (Depths:2)
  A wretched star (Abyss:1)
  A wizard (Depths:1)
  A shambling mangrove (Swamp:4)
  2 yaktaurs (Depths:4)
  A redback (Spider:4)
  A tarantella (Spider:1)
  3 spatial vortices
  A swamp worm (Swamp:4)
  An orc priest (D:8)
  2 briar patches (Swamp:3)
  14 fungi
  34 plants
  4 starspawn tentacles (Abyss:1)
  7 toadstools (Swamp:3)
118 creatures vanquished.

Grand Total: 1937 creatures vanquished

Notes
Turn   | Place    | Note
-------+----------+-------------------------------------------
     0 | D:1      | Flugkiller the Spriggan Enchanter began the quest for the
                  | Orb.
     0 | D:1      | Reached XP level 1. HP: 9/9 MP: 5/5
   305 | D:1      | Reached XP level 2. HP: 9/13 MP: 4/6
   420 | D:1      | Reached skill level 5 in Stealth
   818 | D:1      | Learned a level 2 spell: Ensorcelled Hibernation
  1145 | D:1      | Reached XP level 3. HP: 16/16 MP: 6/8
  1239 | D:1      | Learned a level 3 spell: Confuse
  1585 | D:2      | Reached skill level 6 in Stealth
  2175 | D:2      | Reached XP level 4. HP: 21/21 MP: 6/9
  2307 | D:2      | Noticed Terence
  2312 | D:2      | Killed Terence
  2596 | D:2      | Found a deep blue altar of Sif Muna.
  2596 | D:2      | Found a sparkling altar of Nemelex Xobeh.
  2919 | D:3      | Found a basalt altar of Yredelemnul.
  3248 | D:3      | Found a shimmering altar of Xom.
  3351 | D:3      | Reached skill level 7 in Stealth
  3418 | D:3      | Reached XP level 5. HP: 19/24 MP: 10/10
  3497 | D:3      | Found a sacrificial altar of Ru.
  3749 | D:3      | Found an ancient bone altar of Kikubaaqudgha.
  3967 | D:3      | Found a shadowy altar of Dithmenos.
  3967 | D:3      | Found a stormy altar of Qazlal.
  3972 | D:3      | Found a faded altar of an unknown god.
  3974 | D:3      | Found an opulent altar of Gozag.
  3975 | D:3      | Found a snail-covered altar of Cheibriados.
  3988 | D:3      | Became a worshipper of Gozag Ym Sagoz the Greedy
  4171 | D:4      | Found a hazy altar of Hepliaklqana.
  4172 | D:4      | Noticed Sigmund
  4417 | D:4      | Killed Sigmund
  4417 | D:4      | Reached skill level 8 in Stealth
  4417 | D:4      | Reached XP level 6. HP: 28/28 MP: 7/11
  4599 | D:4      | Noticed Robin
  4600 | D:4      | Reached skill level 5 in Short Blades
  4757 | D:4      | Killed Robin
  5092 | D:5      | Entered Level 5 of the Dungeon
  5125 | D:5      | Found a staircase to the Ecumenical Temple.
  5126 | D:5      | Noticed a sky beast
  5129 | D:5      | Killed a sky beast
  5129 | D:5      | Reached XP level 7. HP: 32/32 MP: 12/14
  5270 | D:4      | Found Xuiw Camnopt's Jewellery Shop.
  5344 | D:4      | Reached skill level 5 in Hexes
  6104 | D:5      | Found a hide-covered altar of Uskayaw.
  6478 | D:6      | Found Riele's Gadget Boutique.
  6950 | D:6      | Reached XP level 8. HP: 36/36 MP: 15/15
  7220 | D:6      | Reached skill level 1 in Fighting
  7329 | D:6      | Found Ozuatej's Antique Weapon Shoppe.
  7575 | D:7      | Reached skill level 5 in Dodging
  7631 | D:7      | Found Guassume's Armour Boutique.
  8414 | D:7      | Reached XP level 9. HP: 35/44 MP: 7/16
  8851 | D:7      | Reached skill level 9 in Stealth
  8929 | D:8      | Found Iqulydal's Book Emporium.
  9095 | D:8      | Found a white marble altar of Elyvilon.
  9171 | D:8      | Reached skill level 10 in Stealth
  9367 | D:8      | Reached skill level 11 in Stealth
 10296 | D:8      | Reached skill level 12 in Stealth
 10350 | D:8      | Noticed Harold
 10397 | D:8      | Killed Harold
 10397 | D:8      | Reached XP level 10. HP: 49/49 MP: 7/17
 10718 | D:9      | Noticed a two-headed ogre
 10742 | D:9      | Killed a two-headed ogre
 10872 | D:9      | Reached skill level 5 in Spellcasting
 10911 | D:9      | Found a radiant altar of Vehumet.
 11288 | D:10     | Entered Level 10 of the Dungeon
 11325 | D:10     | Noticed Joseph
 11337 | D:10     | Killed Joseph
 11337 | D:10     | Reached skill level 13 in Stealth
 12483 | D:10     | Noticed a two-headed ogre
 12490 | D:10     | Killed a two-headed ogre
 13093 | D:10     | Reached XP level 11. HP: 49/54 MP: 18/21
 13249 | D:10     | Found a snail-covered altar of Cheibriados.
 13314 | D:10     | Noticed Urug
 13335 | D:10     | Killed Urug
 13858 | D:11     | Reached skill level 10 in Dodging
 14038 | D:11     | Noticed a death yak
 14916 | D:10     | Learned a level 3 spell: Dazzling Spray
 14925 | D:10     | Killed a death yak
 15069 | D:10     | Reached skill level 10 in Hexes
 15194 | D:11     | Noticed Snorg
 15201 | D:11     | Noticed a death yak
 15204 | D:11     | Noticed a death yak
 15235 | D:10     | Killed a death yak
 15235 | D:10     | Reached skill level 5 in Fighting
 15235 | D:10     | Reached skill level 14 in Stealth
 15308 | D:11     | Found a staircase to the Lair.
 15690 | D:11     | Killed Snorg
 15749 | D:11     | Killed a death yak
 15749 | D:11     | Reached skill level 10 in Short Blades
 16018 | D:11     | Found a staircase to the Orcish Mines.
 16209 | D:11     | Noticed Grum
 16218 | D:11     | Killed Grum
 16230 | D:11     | Reached skill level 15 in Stealth
 16587 | D:11     | Reached XP level 12. HP: 56/61 MP: 11/22
 17106 | Lair:1   | Entered Level 1 of the Lair of Beasts
 17150 | Lair:1   | Noticed an eight-headed hydra
 17178 | Lair:1   | Killed an eight-headed hydra
 17209 | Lair:1   | Noticed a death yak
 17210 | Lair:1   | Noticed a death yak
 17211 | Lair:1   | Noticed a death yak
 17211 | Lair:1   | Noticed a death yak
 17211 | Lair:1   | Noticed a death yak
 17273 | Lair:1   | Noticed a death yak
 17428 | Lair:1   | Noticed a seven-headed hydra
 17476 | Lair:1   | Killed a death yak
 17516 | Lair:1   | Noticed an eight-headed hydra
 17631 | Lair:1   | Killed an eight-headed hydra
 17735 | Lair:1   | Killed a death yak
 17735 | Lair:1   | Reached skill level 15 in Dodging
 17905 | Lair:1   | Killed a death yak
 18142 | Lair:1   | Killed a seven-headed hydra
 18519 | Lair:1   | Killed a death yak
 18588 | Lair:1   | Killed a death yak
 18612 | Lair:1   | Killed a death yak
 18612 | Lair:1   | Reached skill level 16 in Stealth
 20979 | Lair:1   | Identified a scroll of acquirement
 22097 | Lair:3   | Reached XP level 13. HP: 68/68 MP: 19/23
 22473 | Lair:3   | Reached skill level 17 in Stealth
 22525 | Lair:3   | Found a hole to the Spider Nest.
 23681 | Lair:4   | Found a staircase to the Swamp.
 24126 | Lair:4   | Reached skill level 18 in Stealth
 24665 | Lair:5   | Found a staircase to the Slime Pits.
 25016 | Lair:5   | Noticed Josephine
 25602 | Lair:5   | Killed Josephine
 25612 | Lair:5   | Reached skill level 19 in Stealth
 27730 | Lair:6   | Entered Level 6 of the Lair of Beasts
 28236 | Lair:6   | Reached XP level 14. HP: 75/76 MP: 6/25
 28419 | Lair:6   | Found a bloodstained altar of Trog.
 28566 | Lair:6   | Reached skill level 10 in Fighting
 30354 | Lair:6   | Found a bloodstained altar of Trog.
 32747 | D:12     | Reached skill level 20 in Stealth
 33598 | D:13     | Found an opulent altar of Gozag.
 34134 | D:14     | Found a labyrinth entrance.
 34143 | Lab      | Entered a labyrinth
 34466 | D:14     | Reached skill level 10 in Spellcasting
 34828 | D:14     | Found a gate to the Vaults.
 35764 | D:15     | Entered Level 15 of the Dungeon
 35787 | D:14     | Reached skill level 1 in Evocations
 36259 | D:15     | Found a staircase to the Depths.
 36259 | D:15     | Noticed a frost giant
 36322 | D:15     | Killed a frost giant
 36322 | D:15     | Reached XP level 15. HP: 80/80 MP: 25/30
 36611 | D:15     | Found Duatz's Jewellery Boutique.
 36927 | D:15     | Found a portal to a secret trove of treasure.
 37325 | Orc:1    | Entered Level 1 of the Orcish Mines
 37326 | Orc:1    | Reached skill level 21 in Stealth
 37405 | Orc:1    | Reached skill level 5 in Evocations
 38367 | Orc:2    | Entered Level 2 of the Orcish Mines
 38484 | Orc:2    | Found a staircase to the Elven Halls.
 39039 | Orc:2    | Reached skill level 22 in Stealth
 39653 | Orc:2    | Found Kumen's Armour Shop.
 39656 | Orc:2    | Found Lunil's Gadget Emporium.
 39743 | Orc:2    | Found Motiut's Assorted Antiques.
 39744 | Orc:2    | Found Vikhlas's Antique Weapon Boutique.
 40577 | Orc:2    | Bought the +0 fire dragon scales of the Lumpy Scars {*Drain
                  | rElec rF++ rC- Str+5} for 1341 gold pieces
 40737 | D:15     | Bought the ring "Wiucvuf" {Ice MR++} for 565 gold pieces
 40855 | Lair:1   | Bought a ration for 55 gold pieces
 40855 | Lair:1   | Bought a ration for 55 gold pieces
 40855 | Lair:1   | Bought a ration for 55 gold pieces
 40855 | Lair:1   | Bought a ration for 55 gold pieces
 40855 | Lair:1   | Bought a ration for 55 gold pieces
 40855 | Lair:1   | Bought a ration for 55 gold pieces
 40855 | Lair:1   | Bought a ration for 55 gold pieces
 40855 | Lair:1   | Bought a ration for 55 gold pieces
 40855 | Lair:1   | Bought a ration for 55 gold pieces
 40856 | Lair:1   | Bought a Grand Grimoire for 1545 gold pieces
 40865 | Lair:1   | Learned a level 7 spell: Malign Gateway
 40939 | Spider:1 | Entered Level 1 of the Spider Nest
 41051 | Spider:1 | Reached skill level 1 in Translocations
 41133 | Spider:1 | Reached skill level 1 in Summonings
 42678 | Spider:1 | Reached skill level 5 in Translocations
 42971 | Spider:2 | Noticed Jorgrun
 42973 | Spider:2 | Killed Jorgrun
 43764 | Spider:2 | Reached XP level 16. HP: 47/86 MP: 15/31
 45027 | Spider:3 | Reached skill level 5 in Summonings
 46325 | Spider:3 | Paralysed by a hornet for 2 turns
 47470 | Spider:3 | Reached skill level 10 in Translocations
 48217 | Spider:4 | Entered Level 4 of the Spider Nest
 52157 | Spider:4 | Paralysed by a hornet for 2 turns
 54224 | Spider:4 | Got a gossamer rune of Zot
 54384 | Swamp:1  | Entered Level 1 of the Swamp
 56284 | Swamp:2  | Reached XP level 17. HP: 90/90 MP: 22/32
 58153 | D:15     | Bought an uncursed ring of poison resistance for 280 gold
                  | pieces
 59511 | Swamp:4  | Entered Level 4 of the Swamp
 59539 | Swamp:4  | Reached skill level 15 in Translocations
 63725 | D:14     | Bought the ring of Wareat {rC+ MR+} for 546 gold pieces
 63725 | D:14     | Bought the ring of Xom's Best Wishes {rElec rPois MR++
                  | Int+4 Dex-2} for 652 gold pieces
 63743 | Vaults:1 | Entered Level 1 of the Vaults
 65169 | Elf:1    | Entered Level 1 of the Elven Halls
 68654 | Vaults:1 | Reached XP level 18. HP: 95/95 MP: 34/34
 69665 | Vaults:2 | Found a staircase to the Crypt.
 69665 | Vaults:2 | Found an ancient bone altar of Kikubaaqudgha.
 69666 | Vaults:2 | Found a basalt altar of Yredelemnul.
 70514 | Vaults:2 | Noticed a lich
 70845 | Vaults:2 | Found a large runed door.
 70845 | Vaults:2 | Found a large runed door.
 70868 | Vaults:2 | Noticed Bank's ghost (adept DDFi)
 72544 | Vaults:2 | Found Fano's Distillery.
 72552 | Vaults:2 | Bought a potion of heal wounds for 75 gold pieces
 72552 | Vaults:2 | Bought a potion of heal wounds for 75 gold pieces
 72552 | Vaults:2 | Bought a potion of heal wounds for 75 gold pieces
 72552 | Vaults:2 | Bought a potion of cancellation for 120 gold pieces
 72838 | Vaults:2 | Got a jewelled hat
 72849 | Vaults:2 | Identified the +3 hat "Earthly Heaven" {rF++ rCorr} (You
                  | acquired it on level 2 of the Vaults)
 74890 | D:15     | You paid a toll of 4 potions of resistance to enter a
                  | treasure trove
 74891 | Trove    | Entered a treasure trove
 74904 | Trove    | Identified Wecic's Disquisition on Enthralling Flight
 74906 | Trove    | Identified Itusuogh's Disquisition on the Excruciating
                  | Birds
 74908 | Trove    | Identified Sif Muna's Reference Book on Aid and
                  | Translocation
 74935 | Trove    | Got a steaming bone amulet
 74936 | Trove    | Identified the amulet of Epluaniv {Acrobat SInv Stlth+}
                  | (You found it in a treasure trove)
 74940 | Trove    | Got a slimy wooden ring
 74942 | Trove    | Identified the ring "Yvilamiq" {rF- Str+6 Int+3} (You found
                  | it in a treasure trove)
 75122 | Vaults:3 | Learned a level 6 spell: Invisibility
 75256 | Vaults:4 | Noticed Sojobo
 75412 | Vaults:4 | Killed Sojobo
 75412 | Vaults:4 | Reached skill level 15 in Spellcasting
 75669 | Vaults:4 | Reached skill level 10 in Summonings
 75817 | Vaults:4 | Reached XP level 19. HP: 81/98 MP: 6/39
 76784 | Vaults:3 | vaults 4 first buckler
 76784 | Vaults:3 | insane
 76784 | Vaults:3 | absolutely insane
 76818 | Vaults:4 | Reached skill level 1 in Shields
 77580 | Vaults:4 | Got a faintly glowing robe
 77581 | Vaults:4 | Identified the +2 robe of Qeifuxko {Dex+4} (You found it on
                  | level 4 of the Vaults)
 78160 | Vaults:4 | Reached skill level 5 in Shields
 79031 | Orc:2    | Bought a scarf of repulsion for 204 gold pieces
 79115 | Lair:1   | Learned a level 8 spell: Controlled Blink
 79124 | Lair:1   | Learned a level 8 spell: Disjunction
 79285 | Depths:1 | Entered Level 1 of the Depths
 79288 | Depths:1 | Found Gaky's Assorted Antiques.
 79293 | Depths:1 | Found Yxaiw's Antique Armour Shop.
 79293 | Depths:1 | Found Jaohaaq's Food Shop.
 80497 | Depths:1 | Found Utum's Assorted Antiques.
 80513 | Depths:1 | Bought a ration for 60 gold pieces
 80513 | Depths:1 | Bought a ration for 60 gold pieces
 80513 | Depths:1 | Bought a ration for 60 gold pieces
 80513 | Depths:1 | Bought a ration for 60 gold pieces
 80513 | Depths:1 | Bought a ration for 60 gold pieces
 80513 | Depths:1 | Bought a ration for 60 gold pieces
 80513 | Depths:1 | Bought a ration for 60 gold pieces
 80513 | Depths:1 | Bought a ration for 60 gold pieces
 80513 | Depths:1 | Bought a ration for 60 gold pieces
 80513 | Depths:1 | Bought a ration for 60 gold pieces
 80513 | Depths:1 | Bought a ration for 60 gold pieces
 80513 | Depths:1 | Bought a ration for 60 gold pieces
 80513 | Depths:1 | Bought a ration for 60 gold pieces
 80513 | Depths:1 | Bought a ration for 60 gold pieces
 82008 | Depths:1 | Reached XP level 20. HP: 103/103 MP: 35/41
 82220 | Depths:1 | Found a glowing golden altar of the Shining One.
 82849 | Depths:1 | Learned a level 5 spell: Summon Mana Viper
 82893 | Depths:1 | Found a gateway to Hell.
 84777 | Depths:3 | Noticed Asterion
 84786 | Depths:3 | Killed Asterion
 84962 | Depths:3 | Noticed Frederick
 85014 | Depths:3 | Killed Frederick
 85676 | Depths:3 | Learned a level 6 spell: Deflect Missiles
 85909 | Depths:3 | Reached skill level 1 in Charms
 85999 | Depths:3 | Reached skill level 1 in Air Magic
 86306 | Depths:3 | Found a one-way gate leading to the halls of Pandemonium.
 87024 | Depths:4 | Found a one-way gate to the infinite horrors of the Abyss.
 87314 | Depths:4 | Reached XP level 21. HP: 109/109 MP: 39/44
 87404 | Depths:4 | Reached skill level 5 in Charms
 87852 | Depths:4 | Noticed Xtahua
 87854 | Depths:4 | Killed Xtahua
 87901 | Depths:4 | Found Den Poff's Assorted Antiques.
 87964 | Depths:4 | Bought a scroll of teleportation for 72 gold pieces
 89945 | Depths:5 | Entered Level 5 of the Depths
 89953 | Depths:4 | Got a bloodstained robe
 89954 | Depths:4 | Identified the +1 robe of Hezi {*Corrode +Blink MR- Slay+6}
                  | (You acquired it on level 4 of the Depths)
 89955 | Depths:4 | Identified the +2 robe of Theory {rC++ Regen+ Int-5 Dex+4}
                  | (You acquired it on level 4 of the Depths)
 89975 | Depths:5 | Found Afericuj's Armour Boutique.
 90017 | Depths:5 | Noticed Margery
 90529 | Depths:5 | Killed Margery
 90529 | Depths:5 | Reached skill level 5 in Air Magic
 90581 | Depths:5 | Bought a +1 cloak of poison resistance for 162 gold pieces
 90887 | Depths:5 | Found a gateway to a ziggurat.
 91516 | Depths:5 | Found Qixuren's Gadget Shop.
 91516 | Depths:5 | Found Lulam's Jewellery Shoppe.
 91517 | Depths:5 | Found Zostaopu's Jewellery Shoppe.
 91918 | Depths:5 | Noticed Mennas
 91922 | Depths:5 | Noticed a juggernaut
 92266 | Depths:5 | Killed Mennas
 92266 | Depths:5 | Reached skill level 10 in Charms
 92493 | Depths:5 | Noticed a golden dragon
 92509 | Depths:5 | a golden dragon changed into an iron dragon
 92679 | Depths:5 | Found a gate to the Realm of Zot.
 92697 | Depths:5 | Noticed a golden dragon
 92718 | Depths:5 | Banished a golden dragon
 93067 | Depths:5 | Killed a juggernaut
 93252 | Depths:5 | Voluntarily entered the Abyss.
 93930 | Abyss:1  | Learned a level 3 spell: Regeneration
 95280 | Abyss:1  | Found a corrupted altar of Lugonu.
 95455 | Abyss:1  | Reached XP level 22. HP: 107/115 MP: 36/46
 96381 | Abyss:3  | Gained mutation: You do not regenerate when monsters are
                  | visible. [a neqoxec]
 96946 | Abyss:3  | Paralysed by accursed screaming for 2 turns
 96986 | Abyss:3  | Gained mutation: You are dopey. (Int -2) [mutagenic glow]
 97272 | Abyss:3  | Got an abyssal rune of Zot
 97385 | Depths:5 | Escaped the Abyss
 98085 | Elf:1    | Lost mutation: You are dopey. (Int -2) [potion of mutation]
 98085 | Elf:1    | Gained mutation: Your flesh is cold resistant. (rC+)
                  | [potion of mutation]
 98085 | Elf:1    | Gained mutation: Your flesh is heat resistant. (rF+)
                  | [potion of mutation]
 98086 | Elf:1    | Lost mutation: You do not regenerate when monsters are
                  | visible. [potion of mutation]
 98086 | Elf:1    | Lost mutation: Your flesh is heat resistant. (rF+) [potion
                  | of mutation]
 98086 | Elf:1    | Lost mutation: Your flesh is cold resistant. (rC+) [potion
                  | of mutation]
 98086 | Elf:1    | Gained mutation: You possess an exceptional clarity of
                  | mind. [potion of mutation]
 98426 | Depths:5 | Bought the cursed necklace of Bloodlust {*Rage +Rage MR++
                  | Int-3 Slay+6 *Curse} for 1107 gold pieces
 98426 | Depths:5 | Found the cursed necklace of Bloodlust {*Rage +Rage MR++
                  | Int-3 Slay+6 *Curse}
 98961 | Swamp:4  | Got a decaying rune of Zot
 99549 | Zot:1    | Entered Level 1 of the Realm of Zot
100223 | Zot:5    | Entered Level 5 of the Realm of Zot
100338 | Zot:5    | Noticed a curse toe
100365 | Zot:5    | Killed a curse toe
100383 | Zot:5    | Noticed an ancient lich
100394 | Zot:5    | Noticed an orb of fire
100396 | Zot:5    | Noticed a Killer Klown
100398 | Zot:5    | Noticed an ancient lich
100405 | Zot:5    | Noticed an orb of fire
100406 | Zot:5    | Noticed an orb of fire
100432 | Zot:5    | Got the Orb of Zot
101024 | D:1      | gg
101025 | D:$      | Escaped with the Orb!

Vault maps used:
D:1:      kennysheep_arrival_seaside
D:2:      gammafunk_temple_overflow_statue, uniq_terence,
          uniq_crazy_yiuf_cottage
D:3:      chequers_temple_overflow_minitemple, kiku_gazebo_garden_becter,
          overflow_temple_1_default, old_standard_altar, old_standard_altar
D:4:      lemuel_round_altar, serial_shops, shop, minivault_5, uniq_robin,
          uniq_sigmund
D:5:      kennysheep_little_box, minmay_temple_entry_statues, first_ration,
          serial_bayou_lake_a
D:6:      serial_shops, kennysheep_mini_moat,
          nicolae_shop_temple_entry_statues_fountains
D:7:      serial_shops, shop
D:8:      basic_altar, serial_shops, shop, hangedman_pestilent_swarm,
          uniq_harold
D:9:      fiery_altar_vehumet
D:10:     serial_bayou, serial_bayou_ford_a, serial_bayou_pond_b,
          serial_bayou_pond_d, serial_bayou_lagoon_a, serial_bayou_crossing,
          cheibriados_altar_1, uniq_joseph, uniq_urug
D:11:     dpeg_lair_monsters, david_orc_2, st_stairs_3, mrwooster_statue_mirror,
          uniq_snorg, uniq_grum
D:13:     grunt_gozag_breadcrumbs
D:14:     erik_vaults_2, hex_medium, lab_entry_generic
D:15:     grunt_enter_depths_snipers, serial_shops,
          nicolae_shop_temple_entry_statues_fountains,
          nicolae_trove_entry_columns, minmay_door_square, grunt_ministairs_12
Lair:1:   enter_volcano_2, st_stairs_10, lemuel_fruit_tree,
          serial_bayou_shore_b, lemuel_fruit_fields, serial_bayou_shore_b
Lair:2:   nicolae_lair_grove_arrangements, roderic_batcave, serial_bayou_shore_b
Lair:3:   spider_nest_entry_a, grunt_megastairs_2
Lair:4:   swamp_mist
Lair:5:   beast_lair_carwin_large_1, slime_dummy, minivault_25,
          infiniplex_staircase_pool, uniq_josephine
Lair:6:   due_jungle_book, basic_altar, serial_bayou_shore_b
Swamp:1:  nicolae_swamp_treefoil
Swamp:2:  serial_swamp_ruin, evilmike_swamp_ruin_rubble_1,
          hangedman_swamp_ruin_wall, swamp_pool5, nicolae_swamp_dense_foliage
Swamp:3:  cheibrodos_swamp_tower_of_moss, evilmike_swamp_ruin_wall
Swamp:4:  swamp_icy, nicolae_swamp_very_dense_foliage
Spider:2: spiders_nest_hornet_nest, uniq_jorgrun
Spider:4: spider_rune_water
Orc:1:    elves_outpost_lemuel
Orc:2:    st_orc_open
Elf:1:    eino_elf_arrival_sip, special_room, minmay_elf_necromancy, uniq_donald
Vaults:1: ontoclasm_vaults_idyll, v_misc_16, v_alt_pattern_3,
          vaults_room_fancy_cross, v_misc_29, grunt_vaults_focal,
          ontoclasm_vaults_misaligned, st_spiral_rooms,
          vaults_standard_mumra_lines, grunt_vaults_diagonal,
          vaults_mumra_hexcomb
Vaults:2: ebering_vaults_ghost_disaster_area, nicolae_vaults_what_the_h,
          ontoclasm_vaults_pinch, minmay_crypt_entry_necro_gods,
          ontoclasm_vaults_fault, vaults_dpeg_hooks, hangedman_vaults_hat,
          v_misc_17, vaults_room_door_hall, ontoclasm_vaults_ligature,
          vaults_dpeg_diagonal, v_misc_16, nicolae_vaults_specimen_jars,
          vaults_standard_mumra_x, serial_shops, shop
Vaults:3: ontoclasm_vaults_ring_large, nicolae_vaults_asterisk,
          nicolae_vaults_puzzle_piece, ontoclasm_vaults_ring_square, v_misc_13,
          vaults_mumra_chevron, v_misc_30, ontoclasm_vaults_twist,
          nicolae_vaults_network_square, nicolae_vaults_alarming,
          grunt_vaults_bifocal, nicolae_vaults_little_ls,
          nicolae_vaults_little_squares_5
Vaults:4: v_pattern_1, hangedman_vaults_capsules, v_misc_4,
          hangedman_vaults_stagger, vaults_room_pool, v_misc_9,
          dpeg_vaults_monster_row, vaults_mumra_lcd, nicolae_vaults_theta,
          nicolae_vaults_asterisk, uniq_sojobo
Depths:1: minmay_box_of_statues, hellmouth_3, serial_bayou_pond_c,
          minmay_shop_grid_forest, tso_altar
Depths:2: kennysheep_blocky_hall, pf_hell_entry_great_geh,
          minmay_misc_feat_columns, st_stairs_14, infiniplex_staircase_zigzag_2,
          serial_bayou_shore_b
Depths:3: kennysheep_six_static_rooms, hell_entry, grunt_pan_entry_spiral,
          grunt_ministairs_2, hex_intersection, hangedman_decor_riveting,
          kennysheep_generic_room_2, basic_stair_grate_trap, uniq_asterion,
          uniq_frederick
Depths:4: onia_ninara_swampy_vault, pf_hell_entry_tar_river, abyss_entry,
          kennysheep_small_square, infiniplex_staircase_spiral, uniq_xtahua
Depths:5: grunt_zot_entry_tricorne, enter_ziggurat_a, hell_entry, abyss_entry,
          serial_sigils_hangedman_clutch, serial_shops, shop,
          serial_bayou_pond_b, minmay_shop_grove, uniq_margery, uniq_mennas
Zot:1:    st_stairs_4, zot_minivault_7
Zot:2:    kennysheep_blocky_room, hangedman_spider_trapstep
Zot:3:    grunt_megastairs_4
Abyss:3:  nicolae_abyss_rune_left_handed
Lab:      labyrinth_spiral, nicolae_lab_statue, nicolae_lab_blocks, lab_statue
Trove:    trove_garden

Skill      XL: |  1  2  3  4  5  6  7  8  9 10 11 12 13 14 15 16 17 18 19 20 21 22 |
---------------+-------------------------------------------------------------------+-----
Stealth        | 5 6 7 8 12 13 15 16 19 20 22 | 22.0
Short Blades   | 2 3 4 5 8 9 10 | 10.1
Spellcasting   | 4 6 10 11 15 16 18 19 20 | 20.0
Hexes          | 4 8 9 10 13 | 13.1
Fighting       | 3 4 6 7 9 10 11 12 | 12.9
Dodging        | 8 9 12 15 17 18 19 | 19.8
Evocations     | 3 7 |  7.1
Translocations | 7 13 18 19 20 21 | 21.0
Summonings     | 4 8 9 10 | 10.0
Shields        | 7 |  7.2
Charms         | 4 12 | 12.3
Air Magic      | 2 7 |  7.3

Action                   |  1- 3 |  4- 6 |  7- 9 | 10-12 | 13-15 | 16-18 | 19-21 | 22-24 || total
-------------------------+-------+-------+-------+-------+-------+-------+-------+-------++-------
Melee: Dagger            |   121 |   195 |   409 |   770 |  1087 |       |       |       ||  2582
       Quick blade       |       |       |       |       |   774 |  2384 |  1837 |   454 ||  5449
       Rapier            |       |       |       |       |    43 |       |     7 |       ||    50
 Cast: Corona            |     3 |       |       |       |       |       |       |       ||     3
       Ensorcelled Hiber |    12 |    25 |     6 |    31 |    61 |    57 |     4 |       ||   196
       Confuse           |       |     9 |    68 |   117 |   305 |   573 |   314 |    37 ||  1423
       Dazzling Spray    |       |       |       |    57 |   124 |   109 |    31 |       ||   321
       Malign Gateway    |       |       |       |       |       |     4 |    27 |     5 ||    36
       Invisibility      |       |       |       |       |       |       |    28 |     8 ||    36
       Summon Mana Viper |       |       |       |       |       |       |    36 |    28 ||    64
       Disjunction       |       |       |       |       |       |       |     5 |     1 ||     6
       Controlled Blink  |       |       |       |       |       |       |     2 |     3 ||     5
       Regeneration      |       |       |       |       |       |       |    10 |     9 ||    19
       Deflect Missiles  |       |       |       |       |       |       |     1 |     1 ||     2
Invok: Call Merchant     |       |       |       |       |     2 |     1 |       |       ||     3
       Bribe Branch      |       |       |       |       |       |       |       |     3 ||     3
Evoke: Wand              |       |       |       |       |     3 |       |     7 |     1 ||    11
       Lightning rod     |       |       |       |       |       |     3 |       |       ||     3
  Use: Scroll            |       |       |    12 |    14 |    10 |    16 |    11 |    10 ||    73
       Potion            |       |       |       |       |     5 |    11 |     3 |     7 ||    26
 Stab: Sleeping          |    21 |    23 |    27 |    36 |    86 |   102 |    52 |    18 ||   365
       Confused          |       |     3 |    38 |    66 |   171 |   418 |   214 |    17 ||   927
       Distracted        |       |     1 |     6 |     3 |    10 |     9 |    16 |     4 ||    49
       Invisible         |       |       |       |    19 |    56 |    41 |   156 |    29 ||   301
       Held in net/web   |       |       |       |       |       |     1 |       |       ||     1
       Petrified         |       |       |       |       |       |       |     1 |       ||     1
       Paralysed         |       |       |       |       |       |       |     2 |       ||     2
  Eat: Ration            |       |     3 |     5 |    10 |    14 |    17 |    18 |     5 ||    72
Armor: Robe              |    14 |    20 |    25 |    13 |    16 |    13 |    17 |    16 ||   134
       Fire dragon scale |       |       |       |       |    26 |    24 |       |       ||    50
Dodge: Dodged            |    88 |   161 |   253 |   500 |  1240 |  1092 |   539 |   118 ||  3991
       Deflected         |       |       |       |       |       |       |    18 |     2 ||    20
Block: Buckler           |       |       |       |       |       |       |   166 |    55 ||   221

Table legend:
 A = Non-vault XP
 B = Vault XP
 C = Vault XP percentage of total XP
 D = Non-vault monster count
 E = Vault monster count
 F = Vault count percentage of total count
                 A         B        C        D         E       F
            +---------+---------+-------+---------+---------+-------
      Total |  543662 |  252005 |  31.7 |    1378 |     439 |  24.2
            +---------+---------+-------+---------+---------+-------
        D:1 |      46 |       0 |   0.0 |      27 |       0 |   0.0
        D:2 |     103 |      32 |  23.7 |      20 |       1 |   4.8
        D:3 |      54 |       0 |   0.0 |      17 |       0 |   0.0
        D:4 |     150 |     250 |  62.5 |       7 |       8 |  53.3
        D:5 |     378 |       0 |   0.0 |      10 |       0 |   0.0
        D:6 |     854 |       0 |   0.0 |      16 |       0 |   0.0
        D:7 |    1043 |       0 |   0.0 |      26 |       0 |   0.0
        D:8 |    1546 |    1799 |  53.8 |      40 |       5 |  11.1
        D:9 |    2234 |       0 |   0.0 |      16 |       0 |   0.0
       D:10 |    2904 |    3393 |  53.9 |      37 |       7 |  15.9
       D:11 |    5721 |    3824 |  40.1 |      44 |      25 |  36.2
       D:12 |    4652 |       0 |   0.0 |      39 |       0 |   0.0
       D:13 |    3092 |       0 |   0.0 |      17 |       0 |   0.0
       D:14 |    6999 |    8657 |  55.3 |      38 |       9 |  19.1
       D:15 |    4880 |    3135 |  39.1 |      15 |       4 |  21.1
     Lair:1 |   10038 |     999 |   9.1 |      26 |       1 |   3.7
     Lair:2 |    1086 |      65 |   5.6 |       6 |       9 |  60.0
     Lair:3 |    5202 |     970 |  15.7 |      23 |       4 |  14.8
     Lair:4 |    7130 |     198 |   2.7 |      25 |       1 |   3.8
     Lair:5 |    4321 |    6118 |  58.6 |      19 |      15 |  44.1
     Lair:6 |   13725 |    2880 |  17.3 |      34 |       5 |  12.8
    Swamp:1 |   12070 |       0 |   0.0 |      36 |       0 |   0.0
    Swamp:2 |   13545 |       0 |   0.0 |      30 |       0 |   0.0
    Swamp:3 |   11421 |     977 |   7.9 |      29 |       1 |   3.3
    Swamp:4 |   14983 |    4549 |  23.3 |      45 |      24 |  34.8
   Spider:1 |    9375 |       0 |   0.0 |      25 |       0 |   0.0
   Spider:2 |   10817 |    2950 |  21.4 |      35 |       1 |   2.8
   Spider:3 |   20349 |    1749 |   7.9 |      64 |       1 |   1.5
   Spider:4 |    7098 |   15647 |  68.8 |      22 |      35 |  61.4
      Orc:1 |    4038 |    4542 |  52.9 |      24 |       8 |  25.0
      Orc:2 |    1916 |   15036 |  88.7 |      32 |      37 |  53.6
      Elf:1 |    7394 |    1061 |  12.5 |      13 |       2 |  13.3
   Vaults:1 |   20772 |   14700 |  41.4 |      37 |      30 |  44.8
   Vaults:2 |   16649 |    8600 |  34.1 |      28 |      25 |  47.2
   Vaults:3 |   27158 |    6703 |  19.8 |      41 |       9 |  18.0
   Vaults:4 |   48089 |   27587 |  36.5 |      69 |      29 |  29.6
   Depths:1 |   43609 |   21922 |  33.5 |      66 |      34 |  34.0
   Depths:2 |   19487 |    5416 |  21.7 |      28 |       5 |  15.2
   Depths:3 |   28333 |   16657 |  37.0 |      31 |      26 |  45.6
   Depths:4 |   43251 |   22196 |  33.9 |      54 |      31 |  36.5
   Depths:5 |   20621 |   27161 |  56.8 |      23 |      22 |  48.9
      Zot:2 |   12113 |       0 |   0.0 |       8 |       0 |   0.0
      Zot:4 |   19155 |       0 |   0.0 |      13 |       0 |   0.0
      Zot:5 |    9855 |   16310 |  62.3 |      11 |      10 |  47.6
    Abyss:1 |   28255 |    1519 |   5.1 |      65 |       5 |   7.1
    Abyss:3 |   17151 |    2731 |  13.7 |      47 |       7 |  13.0
        Lab |       0 |    1672 | 100.0 |       0 |       3 | 100.0
            +---------+---------+-------+---------+---------+-------
